 Dungeon Crawl Stone Soup version 0.22-a0-877-g5c4e1afb51 (webtiles) character file.

342 Htamos the Stinger (level 6, -2/45 HPs)
             Began as a Naga Venom Mage on July 29, 2018.
             Slain by an orc
             ... wielding a +0 mace
              (4 damage)
             ... on level 4 of the Dungeon.
             The game lasted 00:08:55 (5156 turns).

Htamos the Stinger (Naga Venom Mage)                Turns: 5156, Time: 00:08:56

Health: -2/45      AC:  6    Str: 14 (16) XL:     6   Next: 57%
Magic:  3/10       EV: 10    Int: 15 (16) God:
Gold:   116        SH:  0    Dex: 11 (12) Spells: 3/10 levels left

rFire    . . .     SeeInvis +   t - +0 whip (pain)
rCold    . . .     Gourm    .   (no shield)
rNeg     . . .     Faith    .   u - +2 animal skin
rPois    +         Spirit   .   v - +0 helmet
rElec    .         Reflect  .   (no cloak)
rCorr    .         Harm     .   (no gloves)
MR       .....                  (no barding)
Stlth    +++.......             (no amulet)
HPRegen  0.15/turn              (no ring)
MPRegen  0.12/turn              (no ring)

@: mighty, flying, very slightly contaminated, hasted, quick
A: large, see invisible, deformed body, frail 1, poison resistance, slowness 2,
slow metabolism 1, spit poison 1, AC +2
a: Spit Poison


You were on level 4 of the Dungeon.
You were hungry.

You visited 1 branch of the dungeon, and saw 4 of its levels.

You collected 116 gold pieces.

Inventory:

Hand Weapons
 b - a +0 whip
 k - a +1 hand axe
 t - a +0 whip of pain (weapon)
Missiles
 d - 110 stones (quivered)
Armour
 a - a +0 robe
 u - a +2 animal skin (worn)
 v - a +0 helmet (worn)
Jewellery
 y - a +2 amulet of reflection {unknown}
Wands
 r - a wand of acid (5)
Scrolls
 f - a scroll of blinking {unknown}
 g - a scroll of noise {unknown}
 h - a scroll of identify {unknown}
 i - 4 scrolls of teleportation {unknown}
 l - a scroll of enchant weapon
 s - a scroll of amnesia {unknown}
 w - a scroll of magic mapping {unknown}
Comestibles
 c - 7 rations


   Skills:
 + Level 1.5 Fighting
 + Level 1.2 Armour
 + Level 2.5 Dodging
 + Level 4.5 Stealth
 * Level 2.9 Spellcasting
 + Level 2.3 Conjurations
 * Level 6.0 Poison Magic


You had 3 spell levels left.
You knew the following spells:

 Your Spells              Type           Power        Failure   Level  Hunger
a - Sting                 Conj/Pois      ##..         3%          1    #......
b - Poisonous Vapours     Pois/Air       ##....       9%          2    ##.....
c - Olgreb's Toxic Radia  Pois           ###.....     17%         4    #####..

Your spell library contained the following spells:

 Spells                   Type           Power        Failure   Level  Hunger
 Confuse                  Hex            #.......     52%         3    ###....
 Mephitic Cloud           Conj/Pois/Air  ##......     19%         3    ###....
 Venom Bolt               Conj/Pois      ##........   71%         5    ######.
 Tukima's Dance           Hex            #.......     52%         3    ###....
 Ensorcelled Hibernation  Hex/Ice        #.....       30%         2    ##.....
 Corona                   Hex            #......      21%         1    #......
 Dazzling Spray           Conj/Hex       #.....       36%         3    ###....


Dungeon Overview and Level Annotations

Branches:
Dungeon (4/15)
 Temple: D:4-7

Altars:


Innate Abilities, Weirdness & Mutations

You cannot wear boots.
Your serpentine skin is tough. (AC +2)
You have supernaturally acute eyesight. (SInv)
Armour fits poorly on your strangely shaped body.
Your system is resistant to poisons. (rPois)
You cover ground very slowly.
You have a slow metabolism.
You can spit poison.
You are frail. (-10% HP)


Message History

It was a potion of might.
You feel very mighty all of a sudden.
The bullfrog skeleton barely misses you.
The orc hits you but does no damage.
It was a potion of mutation.
You feel extremely strange.
You feel frail.
You feel stupid.
You feel clever. The bullfrog skeleton hits you.
* * * LOW HITPOINT WARNING * * *
Unknown command.
You completely miss the orc. The orc barely misses you.
The bullfrog skeleton hits you but does no damage.
You whack the orc!
You kill the orc!
The bullfrog skeleton hits you but does no damage.
You closely miss the orc.
The bullfrog skeleton closely misses you.
You hit the orc.
The orc is almost dead.
The orc hits you with a mace.
You die...

....## .....##
.......
##.......
..#......
####........
#@##.o.o...o
#Zo...# #ro..###
#......###
#........#..
#.........#..#
#...........<##
#..........#..##
#..............#


You could see an orc wizard, an orc, a quokka and a bullfrog skeleton.

Vanquished Creatures
  An orc priest (D:3)
  An orc wizard (D:4)
  A bullfrog skeleton (D:4)
  Robin (D:3)
  6 gnolls
  9 adders
  An ooze (D:1)
  A worm (D:2)
  3 dart slugs
  5 leopard geckos
  4 orcs
  7 bats
  6 giant cockroaches
  9 goblins
  12 hobgoblins
  4 jackals
  8 kobolds
  2 quokkas (D:3)
  3 frilled lizards
  13 rats
97 creatures vanquished.

Notes
Turn   | Place    | Note
-------+----------+-------------------------------------------
     0 | D:1      | Htamos the Naga Venom Mage began the quest for the Orb.
     0 | D:1      | Reached XP level 1. HP: 15/15 MP: 3/3
   120 | D:1      | Reached XP level 2. HP: 22/22 MP: 0/5
   786 | D:1      | Learned a level 2 spell: Poisonous Vapours
   998 | D:1      | Reached XP level 3. HP: 28/28 MP: 1/6
  1596 | D:2      | Reached XP level 4. HP: 37/37 MP: 0/7
  1841 | D:2      | Reached skill level 5 in Poison Magic
  2429 | D:2      | Reached XP level 5. HP: 39/43 MP: 1/8
  2518 | D:2      | Learned a level 4 spell: Olgreb's Toxic Radiance
  2971 | D:3      | Reached skill level 1 in Fighting
  3842 | D:3      | Reached skill level 1 in Armour
  4244 | D:3      | Noticed Robin
  4252 | D:3      | Killed Robin
  4252 | D:3      | Reached XP level 6. HP: 51/51 MP: 1/10
  5146 | D:4      | Reached skill level 6 in Poison Magic
  5146 | D:4      | HP: 2/51 [bullfrog skeleton (2)]
  5152 | D:4      | Gained mutation: You are frail. (-10% HP) [potion of mutation]
  5152 | D:4      | Gained mutation: You are dopey. (Int -2) [potion of mutation]
  5152 | D:4      | Lost mutation: You are dopey. (Int -2) [potion of mutation]
  5152 | D:4      | HP: 1/45 [bullfrog skeleton (4)]
  5156 | D:4      | Slain by an orc

Vault maps used:
D:1:      minmay_arrival_jagged, minivault_14
D:2:      first_ration, serial_curves, eino_curves_03, eino_curves_02,
          eino_curves_01
D:3:      minmay_quantized, uniq_robin
D:4:      kennysheep_okawaru_gauntlet, uniq_pikel, uniq_edmund,
          uniq_blork_the_orc

Skill      XL: |  1  2  3  4  5  6 |
---------------+-------------------+-----
Dodging        | 2 |  2.5
Poison Magic   | 5 6 |  6.0
Stealth        | 4 |  4.5
Fighting       | 1 |  1.5
Conjurations   | 2 |  2.3
Armour         | 1 |  1.2
Spellcasting   | |  2.9

Action                   |  1- 3 |  4- 6 || total
-------------------------+-------+-------++-------
Melee: Whip              |     7 |    19 ||    26
       Hand axe          |     8 |    64 ||    72
 Cast: Sting             |    76 |    45 ||   121
       Poisonous Vapours |       |    56 ||    56
 Abil: Spit Poison       |       |     6 ||     6
  Use: Potion            |       |     9 ||     9
       Scroll            |       |     1 ||     1
 Stab: Sleeping          |       |     1 ||     1
  Eat: Chunk             |     2 |    13 ||    15
Armor: Robe              |    11 |    21 ||    32
       Animal skin       |       |    36 ||    36
Dodge: Dodged            |    18 |    95 ||   113

Table legend:
 A = Spawn XP
 B = Non-spawn XP
 C = Spawn XP percentage of total XP
 D = Spawn monster count
 E = Non-spawn monster count
 F = Spawn count percentage of total count
 G = Total turns spent on level
                    A         B        C        D         E        F      G
               +---------+---------+-------+---------+---------+-------+---------
         Total |       0 |     489 |   0.0 |       0 |      97 |   0.0 |  5156
               +---------+---------+-------+---------+---------+-------+---------
           D:1 |       0 |      47 |   0.0 |       0 |      26 |   0.0 |  1348
           D:2 |       0 |     127 |   0.0 |       0 |      25 |   0.0 |  1402
           D:3 |       0 |     186 |   0.0 |       0 |      38 |   0.0 |  1951
           D:4 |       0 |     129 |   0.0 |       0 |       8 |   0.0 |   455
               +---------+---------+-------+---------+---------+-------+---------
